 Dungeon Sprint DCSS version 0.30.1-9-gdf580d7c3d (webtiles) character file.

Game seed: 15959831894674459131

244 Heoruswealwe the Spear-Bearer (level 5, -4/53 HPs)
             Began as a Minotaur Fighter on Oct 4, 2023.
             Slain by a vampire (6 damage)
             ... in the Dungeon (Sprint IX: "|||||||||||||||||||||||||||||").
             The game lasted 00:01:01 (107 turns).

Heoruswealwe the Spear-Bearer (Minotaur Fighter)     Turns: 107, Time: 00:01:02

Health: -4/53      AC:  8    Str: 22    XL:     5   Next: 83%
Magic:  4/4        EV:  9    Int:  5    God:
Gold:   0          SH:  0    Dex: 10    Spells: 4/4 levels left

rFire   . . .        a - +0 trident
rCold   . . .        d - +0 buckler
rNeg    . . .        c - +0 scale mail
rPois   .            (helmet restricted)
rElec   .            (no cloak)
rCorr   .            (no gloves)
SInv    .            (no boots)
Will    .....        (no amulet) Stlth
                     (no ring)
HPRegen 0.28/turn    (no ring)
MPRegen 0.09/turn

%: no teleportation
@: confused
A: horns 2, retaliatory headbutt
a: no special abilities


You were in the Dungeon.
You visited 1 branch

Inventory:

Hand Weapons
 a - a +0 trident (weapon)
Armour
 c - a +0 scale mail (worn)
 d - a +0 buckler (worn)
Jewellery
 m - a +2 ring of protection
 n - a +2 ring of protection
Wands
 l - a wand of acid (10)
Scrolls
 j - 2 scrolls of blinking
 k - 2 scrolls of amnesia
Potions
 b - a potion of might
 e - 5 potions of curing
 f - a potion of invisibility
 g - a potion of haste
 h - 2 potions of heal wounds
 i - a potion of berserk rage


   Skills:
 + Level 8.1 Fighting
 * Level 10.5 Polearms
 + Level 8.1 Armour
 - Level 3.6 Shields


You had 4 spell levels left.
You didn't know any spells.
Your spell library was empty.

Dungeon Overview and Level Annotations

Branches:
Dungeon (1/1)

Altars:
Cheibriados
Dithmenos
Elyvilon
Fedhas
Gozag
Hepliaklqana
Kikubaaqudgha
Makhleb
Nemelex Xobeh
Okawaru
Qazlal
Ru
Sif Muna
Trog
Uskayaw
Vehumet
Wu Jian
Xom
Yredelemnul
Zin
The Shining One
Jiyva
Lugonu


Innate Abilities, Weirdness & Mutations

You have a pair of horns on your head.
You reflexively headbutt those who attack you in melee.


Message History

l - a wand of acid (10)
Items here: )))))).
Okay, then.
You see here a +0 cloak.
You see here a +0 pair of gloves.
You see here a +1 chain mail.
m - a +2 ring of protection
n - a +2 ring of protection You open the door.
A wyvern, a wraith, 2 centaurs and 2 vampires come into view.
The wyvern hisses angrily.
The centaur shouts!
The vampire casts a spell at you. You resist with significant effort.
The vampire mumbles some strange words.
The vampire flickers and vanishes!
Deactivating autopickup; reactivate with Ctrl-A.
The vampire hits you!
* * * LOW HITPOINT WARNING * * *
You block the vampire's attack.
There is an open door to the Dungeon, spattered with blood here.
You completely miss the vampire. The vampire closely misses you.
The vampire bites you but does no damage.
You hit the vampire but do no damage. You barely miss the vampire.
Your headbutt misses the vampire.
The vampire points at you and mumbles some strange words.
You are confused.
You bump into the unnaturally hard rock wall.
The vampire completely misses you. The vampire barely misses you.
You puncture the vampire! You headbutt the vampire.
The vampire is moderately damaged.
The vampire hits you but does no damage.
The vampire bites you but does no damage.
You closely miss the vampire.
The vampire is moderately damaged.
The vampire hits you!
* * * LOW HITPOINT WARNING * * *
The vampire barely misses you.
You bump into the unnaturally hard rock wall.
The vampire barely misses you. The vampire bites you.
You die... ▓▓▓▓▓▓▓▓▓▓▓▓▓▓▓▓▓▓▓▓▓▓▓▓ +{lcWcV@..[[[.).!'______ ▓▓▓▓▓▓▓▓▓▓▓▓▓▓▓▓▓▓▓▓▓▓▓▓

You could see a vampire, a wraith, a wyvern and 2 centaurs.

Vanquished Creatures
  A water moccasin (D)
  An ogre (D)
  An iguana (D)
  An orc wizard (D)
  A dart slug (D)
  A ball python (D)
  2 bats (D)
  A hobgoblin (D)
  A kobold (D)
10 creatures vanquished.

Notes
Turn   | Place    | Note
-------+----------+-------------------------------------------
     0 | D        | Heoruswealwe the Minotaur Fighter began the quest for the
                  | Orb.
     0 | D        | Reached XP level 1. HP: 19/19 MP: 0/0
     8 | D        | Reached skill level 3 in Polearms
    17 | D        | Noticed an orc wizard
    17 | D        | Noticed a water moccasin
    17 | D        | Noticed an iguana
    17 | D        | Noticed an ogre
    24 | D        | Killed an ogre
    25 | D        | Reached skill level 7 in Polearms
    25 | D        | Reached XP level 2. HP: 30/30 MP: 1/1
    25 | D        | Reached XP level 3. HP: 37/37 MP: 2/2
    25 | D        | Reached XP level 4. HP: 44/44 MP: 3/3
    29 | D        | Reached skill level 8 in Polearms
    34 | D        | Killed a water moccasin
    35 | D        | Reached skill level 10 in Polearms
    35 | D        | Reached XP level 5. HP: 21/53 MP: 4/4
    57 | D        | Found a snail-covered altar of Cheibriados.
    57 | D        | Found a shadowy altar of Dithmenos.
    57 | D        | Found a white marble altar of Elyvilon.
    57 | D        | Found a blossoming altar of Fedhas.
    57 | D        | Found an opulent altar of Gozag.
    58 | D        | Found a hazy altar of Hepliaklqana.
    59 | D        | Found a viscous altar of Jiyva.
    60 | D        | Found an ancient bone altar of Kikubaaqudgha.
    61 | D        | Found a corrupted altar of Lugonu.
    62 | D        | Found a burning altar of Makhleb.
    63 | D        | Found a sparkling altar of Nemelex Xobeh.
    64 | D        | Found an iron altar of Okawaru.
    65 | D        | Found a stormy altar of Qazlal.
    66 | D        | Found a sacrificial altar of Ru.
    67 | D        | Found a shimmering blue altar of Sif Muna.
    68 | D        | Found a bloodstained altar of Trog.
    69 | D        | Found a hide-covered altar of Uskayaw.
    70 | D        | Found a radiant altar of Vehumet.
    71 | D        | Found an ornate altar of the Wu Jian Council.
    72 | D        | Found a shimmering altar of Xom.
    73 | D        | Found a basalt altar of Yredelemnul.
    74 | D        | Found a glowing silver altar of Zin.
    75 | D        | Found a glowing golden altar of the Shining One.
    99 | D        | Noticed a vampire
    99 | D        | Noticed a wyvern
    99 | D        | Noticed a centaur
    99 | D        | Noticed a wraith
    99 | D        | Noticed a centaur
    99 | D        | Noticed a vampire
   106 | D        | HP: 2/53 [vampire (10)]
   107 | D        | Slain by a vampire

Illustrated notes

Levels and vault maps discovered:
D:        linesprint [early_d, line_temple, items_1, d_10, items_2, lair_1,
          lair_end, items_3, orc_1, orc_end, items_4, d_15, swamp_1, shoals_1,
          snake_1, spider_1, d_20, vaults_1, items_5, swamp_end, shoals_end,
          snake_end, spider_end, vaults_end, d_27, items_6, zot_1, zot_end,
          crypt_end, forest_end, elf_end, slime_end, tomb_end, abyss_end,
          pan_hell_end]

Skill      XL: |  1  2  3  4  5 |
---------------+----------------+-----
Polearms       | 7 10 | 10.5
Fighting       | 6 7 8 |  8.1
Armour         | 6 7 8 |  8.1
Shields        | |  3.6

Action                     |  1- 3 |  4- 6 || total
---------------------------+-------+-------++-------
  Melee: Trident           |    12 |    28 ||    40
         Headbutt          |     2 |     2 ||     4
    Use: Potion            |     1 |       ||     1
 Armour: Scale mail        |     2 |    10 ||    12
  Dodge: Dodged            |     4 |     7 ||    11
  Block: Buckler           |       |     6 ||     6
